 Dungeon Crawl Stone Soup version 0.24-a0-230-g536ed4e (webtiles) character file.

Game seed: 6537407812130022647

4 Espgualade the Chiller (level 1, 0/10 HPs)
             Began as a Tengu Ice Elementalist on Apr 2, 2019.
             Slain by a hobgoblin
             ... wielding a +0 club
              (1 damage)
             ... on level 1 of the Dungeon.
             The game lasted 00:01:09 (401 turns).

Espgualade the Chiller (Tengu Ice Elementalist)      Turns: 401, Time: 00:01:10

Health: 0/10       AC:  2    Str:  8    XL:     1   Next: 60%
Magic:  3/4        EV: 12    Int: 15    God:
Gold:   25         SH:  0    Dex: 14    Spells: 3/4 levels left

rFire    . . .     SeeInvis .   j - +0 dagger
rCold    . . .     Gourm    .   (no shield)
rNeg     . . .     Faith    .   a - +0 robe
rPois    .         Spirit   .   (helmet restricted)
rElec    .         Reflect  .   (no cloak)
rCorr    .         Harm     .   (no gloves)
MR       .....                  (boots unavailable)
Stlth    ++........             (no amulet)
HPRegen  0.03/turn              (no ring)
MPRegen  0.09/turn              (no ring)

@: no status effects
A: beak, talons 3
a: no special abilities


You were on level 1 of the Dungeon.
You were not hungry.

You visited 1 branch of the dungeon, and saw 1 of its levels.

You collected 25 gold pieces.

Inventory:

Hand Weapons
 j - a +0 dagger (weapon)
Armour
 a - a +0 robe (worn)
Scrolls
 e - a scroll of teleportation {unknown}
 f - a scroll of identify {unknown}
 g - a scroll of remove curse {unknown}
Potions
 b - a potion of berserk rage {unknown}
 d - a potion of agility {unknown}
 h - a potion of curing {unknown}
 i - a potion of mutation {unknown}
Comestibles
 c - 3 rations


   Skills:
 - Level 2.1 Dodging
 - Level 2.0 Stealth
 - Level 2.0 Spellcasting
   Level 1.3 Conjurations
 + Level 3.0 Ice Magic


You had 3 spell levels left.
You knew the following spells:

 Your Spells              Type           Power        Failure   Level  Hunger
a - Freeze                Ice            ##..         6%          1    #......

Your spell library contained the following spells:

 Spells                   Type           Power        Failure   Level  Hunger
 Throw Frost              Conj/Ice       #.....       14%         2    ###....
 Ozocubu's Armour         Chrm/Ice       #.......     34%         3    ###....
 Throw Icicle             Conj/Ice       #.......     65%         4    #####..
 Summon Ice Beast         Ice/Summ       #.......     75%         4    #####..


Dungeon Overview and Level Annotations

Branches:
Dungeon (1/15)

Altars:


Innate Abilities, Weirdness & Mutations

You have a beak for a mouth.
You have claws for feet.


Message History

You see here 21 bolts.
Key pressed, stopping explore.
A hobgoblin comes into view. It is wielding a +0 club.
A hobgoblin is nearby!
A hobgoblin is nearby!
The hobgoblin hits you with a +0 club.
You barely miss the hobgoblin.
You claw the hobgoblin, but do no damage.
The hobgoblin hits you with a +0 club.
Ouch! That really hurt!
* * * LOW HITPOINT WARNING * * *
Casting: Freeze (safe; 6% risk of failure)
Confirm with . or Enter, or press ? or * to list all spells.
Aiming: Freeze (safe; 6% risk of failure)
Press: ? - help, Shift-Dir - straight line, f - hobgoblin
Aim: a hobgoblin, wielding a +0 club You freeze the hobgoblin.
The hobgoblin is moderately wounded.
The hobgoblin hits you with a +0 club.
You die...

####>.#.#
###....##.#####
#.......#...... .#
###.......(..#### #..
#.........#.## ..
###.........#.#
..##.#...........#.#####
.................>.(...#
......g@.....##........#
..######.###...........#
#.# ####........# ..#
#........# ..##
#........# ...
####.##### ... #######.#
... ##...#[..## ########
##..(......##


You could see a hobgoblin.

Vanquished Creatures
  A hobgoblin (D:1)
  A bat (D:1)
  A kobold (D:1)
  2 rats (D:1)
5 creatures vanquished.

Notes
Turn   | Place    | Note
-------+----------+-------------------------------------------
     0 | D:1      | Espgualade the Tengu Ice Elementalist began the quest for
                  | the Orb.
     0 | D:1      | Reached XP level 1. HP: 10/10 MP: 4/4
   140 | D:1      | Reached skill level 3 in Ice Magic
   401 | D:1      | Slain by a hobgoblin

Levels and vault maps discovered:
D:1:      minmay_arrival_widening_spiral_wide, layout_rooms,
          kennysheep_decorative_pillar

Skill      XL: |  1 |
---------------+----+-----
Ice Magic      | 3 |  3.0
Dodging        | |  2.1
Stealth        | |  2.0
Spellcasting   | |  2.0
Conjurations   | |  1.3

Action                   || total
-------------------------++-------
Melee: Unarmed           ||     3
       Dagger            ||     1
       Kick              ||     1
       Peck              ||     1
 Cast: Freeze            ||     8
Dodge: Dodged            ||     3

Table legend:
 A = Non-vault XP
 B = Vault XP
 C = Vault XP percentage of total XP
 D = Non-vault monster count
 E = Vault monster count
 F = Vault count percentage of total count
                 A         B        C        D         E       F
            +---------+---------+-------+---------+---------+-------
      Total |       6 |       0 |   0.0 |       5 |       0 |   0.0
            +---------+---------+-------+---------+---------+-------
        D:1 |       6 |       0 |   0.0 |       5 |       0 |   0.0
            +---------+---------+-------+---------+---------+-------
